 Dungeon Crawl Stone Soup version 0.28.0-43-g3370ac3207 (webtiles) character file.

Game seed: 6825240716523116358

8 terff the Skirmisher (level 2, 0/27 HPs)
             Began as a Hill Orc Fighter on Apr 1, 2022.
             Hit by a goblin thrown by Robin (1 damage)
             ... on level 2 of the Dungeon.
             The game lasted 00:00:33 (347 turns).

terff the Skirmisher (Hill Orc Fighter)              Turns: 347, Time: 00:00:33

Health: 0/27       AC:  6    Str: 18    XL:     2   Next: 8%
Magic:  2/2        EV:  9    Int:  8    God:
Gold:   13         SH:  4    Dex: 10    Spells: 1/1 levels left

rFire   + . .      SeeInvis .   a - +0 war axe
rCold   . . .      Faith    .   c - +0 buckler
rNeg    . . .      Spirit   .   b - +0 scale mail
rPois   .          Reflect  .   (no helmet)
rElec   .          Harm     .   (no cloak)
rCorr   .          Rampage  .   (no gloves)
Will    .....                   (no boots)
Stlth   ..........              (no amulet)
HPRegen 0.09/turn               e - ring of protection from fire
MPRegen 0.08/turn               (no ring)

@: mighty
A: no striking features
a: no special abilities


You were on level 2 of the Dungeon.
You visited 1 branch of the dungeon, and saw 2 of its levels.

You collected 13 gold pieces.

Inventory:

Hand Weapons
 a - a +0 war axe (weapon)
Armour
 b - a +0 scale mail (worn)
 c - a +0 buckler (worn)
Jewellery
 e - a ring of protection from fire (left hand)
Potions
 f - a potion of attraction {unknown}


   Skills:
 + Level 3.7 Fighting
 + Level 3.0 Axes
 + Level 3.4 Armour
 + Level 3.4 Shields


You had one spell level left.
You didn't know any spells.
Your spell library was empty.

Dungeon Overview and Level Annotations

Branches:
Dungeon (1/15)

Altars:

Annotations:
D:2 Robin


Message History

A goblin comes into view. It is wielding a +0 dagger.
You hit Robin but do no damage. You slash the goblin!
You kill the goblin!
You barely miss the hobgoblin. The hobgoblin hits you.
* * * LOW HITPOINT WARNING * * *
Robin roars a battlecry!
The goblins go into a battle-frenzy!
The hobgoblin barely misses you.
You hear a shout!
You hit Robin but do no damage. You barely miss the goblin.
You hit the hobgoblin but do no damage. Robin hits you with a +0 club.
* * * LOW HITPOINT WARNING * * *
The hobgoblin barely misses you.
A goblin comes into view. It is wielding a +0 club.
You hit Robin but do no damage. You slash the goblin!
You kill the goblin!
You hit the goblin.
You kill the goblin!
You slash the hobgoblin!
You kill the hobgoblin!
Robin hits you with a +0 club.
* * * LOW HITPOINT WARNING * * *
A quokka comes into view.
Your Axes skill increases to level 3!
You have reached level 2!
You feel very mighty all of a sudden. Robin throws the goblin at you!
* * * LOW HITPOINT WARNING * * *
The goblin hits you but does no damage.
Unknown command.
You closely miss Robin. You hit the goblin.
You kill the goblin!
You closely miss the goblin.
Robin says, "My army is invincible!"
Robin hits you with a +0 club.
* * * LOW HITPOINT WARNING * * *
You block the goblin's attack.
A hobgoblin comes into view.
Robin throws the goblin at you!
You die...

......# #.##..#
g. #.##..#
#.g###†##..#
#..........#
###.####g##.##
#..... #r##.#
##..g..##g##.#
........)@...#
.#.....##g#..#
#..... ........
###.######......
... .####. ### #


You could see Robin, a quokka, a hobgoblin and 2 goblins.

Vanquished Creatures
  4 goblins (D:2)
  A hobgoblin (D:2)
  A kobold (D:1)
  A ball python (D:2)
  A rat (D:1)
8 creatures vanquished.

Notes
Turn   | Place    | Note
-------+----------+-------------------------------------------
     0 | D:1      | terff the Hill Orc Fighter began the quest for the Orb.
     0 | D:1      | Reached XP level 1. HP: 19/19 MP: 1/1
   134 | D:1      | Found a faded altar of an unknown god.
   323 | D:1      | You fall into a shaft and drop 1 floor!
   340 | D:2      | Noticed Robin
   346 | D:2      | Reached XP level 2. HP: 2/27 MP: 2/2
   346 | D:2      | HP: 1/27 [Robin/goblin (1)]
   347 | D:2      | Hit by a goblin thrown by Robin

Illustrated notes

Levels and vault maps discovered:
D:1:      minmay_arrival_glassed_features, layout_basic,
          shapermc_ecumenical_altar_acropolis
D:2:      layout_loops_ring, serial_shops, shop, uniq_terence, uniq_robin

Skill      XL: |  1 |
---------------+----+-----
Axes           | 3 |  3.0
Fighting       | |  3.7
Armour         | |  3.4
Shields        | |  3.4

Action                   || total
-------------------------++-------
Melee: War axe           ||    12
  Use: Potion            ||     1
Armor: Scale mail        ||     3
Dodge: Dodged            ||     5
Block: Buckler           ||     3
